 Dungeon Crawl Stone Soup version 0.30-a0-913-g9934a0ce24 (webtiles) character file.

Game seed: 1610117628866256187

11837 cforsyth the Blocker (level 12, -7/97 HPs)
             Began as a Human Fighter on Mar 20, 2023.
             Mangled by an ice devil (19 damage)
             ... on level 11 of the Dungeon.
             The game lasted 00:21:26 (12393 turns).

cforsyth the Blocker (Human Fighter)               Turns: 12393, Time: 00:21:26

Health: -7/97      AC: 21    Str: 28    XL:     12   Next: 12%
Magic:  12/12      EV: 12    Int:  8    God:
Gold:   604        SH:  6    Dex: 13    Spells: 11/11 levels left

rFire   . . .      SeeInvis .    t - +0 morningstar
rCold   . . .      Faith    .    c - +0 buckler
rNeg    . . .      Spirit   .    Q - +0 plate armour
rPois   .          Reflect  .    k - +0 helmet
rElec   .          Rampage  .    l - +1 cloak
rCorr   .                        P - +0 pair of gloves
Will    .....                    h - +0 pair of boots Stlth
                                 g - amulet of the acrobat
HPRegen 0.36/turn                f - +5 ring of evasion
MPRegen 0.13/turn                D - +6 ring of strength

@: no status effects
A: no striking features
a: no special abilities


You were on level 11 of the Dungeon.
You visited 1 branch of the dungeon, and saw 11 of its levels.
You also visited: Sewer and Ossuary.

You collected 604 gold pieces.

Inventory:

Hand Weapons
 a - a +1 flail
 t - a +0 morningstar (weapon)
Missiles
 w - a throwing net (quivered)
Armour
 b - a +0 scale mail
 c - a +0 buckler (worn)
 h - a +0 pair of boots (worn)
 k - a +0 helmet (worn)
 l - a +1 cloak (worn)
 F - a +0 troll leather armour {Pargi}
 L - a +0 chain mail
 P - a +0 pair of gloves (worn)
 Q - a +0 plate armour (worn)
Jewellery
 f - a +5 ring of evasion (left hand)
 g - an amulet of the acrobat (around neck)
 r - a ring of positive energy
 D - a +6 ring of strength (right hand)
 E - a ring of fire
 M - an amulet of faith
 N - a +6 ring of dexterity
 R - a ring of fire
Wands
 u - a wand of iceblast (20)
 B - a wand of paralysis (2)
 G - a wand of polymorph (7)
 I - a wand of flame (6)
Scrolls
 i - 3 scrolls of teleportation
 m - 3 scrolls of blinking
 n - a scroll of silence
 o - 5 scrolls of enchant weapon
 q - 2 scrolls of fear
 s - 3 scrolls of fog
 y - a scroll of magic mapping
 A - 5 scrolls of identify
 H - 3 scrolls of enchant armour
Potions
 d - 3 potions of might
 e - 3 potions of haste
 j - 6 potions of flight
 p - 7 potions of curing
 v - 2 potions of heal wounds
 x - 3 potions of cancellation
 z - 3 potions of attraction
 C - 2 potions of ambrosia
 J - 2 potions of mutation
 K - 2 potions of brilliance
 O - a potion of lignification {unknown}


   Skills:
 + Level 9.8 Fighting
 + Level 9.6 Maces & Flails
 + Level 9.8 Armour
 + Level 9.9 Shields


You had 11 spell levels left.
You didn't know any spells.
Your spell library contained the following spells:

 Spells                   Type           Power      Damage    Failure   Level
 Shock                    Conj/Air       0%         1d3       99%         1
 Slow                     Hex            0%         N/A       99%         1
 Ensorcelled Hibernation  Hex/Ice        0%         N/A       100%        2
 Scorch                   Fire           0%         2d5       100%        2
 Call Canine Familiar     Summ           0%         N/A       100%        3
 Confusing Touch          Hex            0%         N/A       100%        3
 Frozen Ramparts          Ice            0%         1d1       100%        3
 Ignite Poison            Fire/Tmut/Pois 0%         N/A       100%        3
 Inner Flame              Hex/Fire       0%         N/A       100%        3
 Kindle Blastsparks       Fire/Tloc/Air  0%         2d10      100%        3
 Ozocubu's Armour         Ice            0%         N/A       100%        3
 Portal Projectile        Hex/Tloc       0%         N/A       100%        3
 Spider Form              Tmut/Pois      0%         N/A       100%        3
 Stone Arrow              Conj/Erth      0%         3d7       100%        3
 Swiftness                Air            0%         N/A       100%        3
 Vampiric Draining        Necr           0%         2d6       100%        3
 Airstrike                Air            0%         2d(0-16)  100%        4
 Anguish                  Hex/Necr       0%         N/A       100%        4
 Animate Armour           Summ/Erth      0%         N/A       100%        4
 Flame Wave               Conj/Fire      0%         2d4       100%        4
 Ice Form                 Ice/Tmut       0%         N/A       100%        4
 Leda's Liquefaction      Hex/Erth       0%         N/A       100%        4
 Sticky Flame             Conj/Fire      0%         2d3       100%        4
 Summon Ice Beast         Ice/Summ       0%         N/A       100%        4
 Freezing Cloud           Conj/Ice/Air   0%         6-21      100%        5
 Metabolic Englaciation   Hex/Ice        0%         N/A       100%        5
 Simulacrum               Ice/Necr       0%         N/A       100%        6
 Summon Cactus Giant      Summ           0%         N/A       100%        6
 Borgnjor's Revivificati  Necr           0%         N/A       100%        8
 Lehudib's Crystal Spear  Conj/Erth      0%         10d2      100%        8
 Necromutation            Tmut/Necr      0%         N/A       100%        8
 Death's Door             Necr           0%         N/A       100%        9


Dungeon Overview and Level Annotations

Branches:
Dungeon (11/15)            Temple (0/1) D:7            Lair (0/5) D:10
  Sewer (visited)         Ossuary (visited)
    Orc: D:9-12

Altars:
Cheibriados
Fedhas
Gozag
Makhleb
Okawaru
Qazlal
Sif Muna
Vehumet
Wu Jian
Yredelemnul
Zin

Shops:
D:4 *   D:9 *   D:10 =

Portals:
Ice
Cave: D:11


Message History

The ice devil is severely wounded.
The ice devil hits you. The ice devil freezes you!!
You hit the ice devil but do no damage.
The ice devil is severely wounded.
The ice devil hits you!
* * * LOW HITPOINT WARNING * * *
The ice devil freezes you!
* * * LOW HITPOINT WARNING * * *
You barely miss the ice devil.
The ice devil is severely wounded.
You block the ice devil's attack.
You barely miss the ice devil.
The ice devil is severely wounded.
The ice devil hits you but does no damage.
Okay, then.
Unknown command.
You closely miss the ice devil.
The ice devil is severely wounded.
The ice devil closely misses you.
You closely miss the ice devil.
The ice devil is severely wounded.
The ice devil hits you but does no damage.
You closely miss the ice devil.
The ice devil is severely wounded.
The ice devil barely misses you.
You hit the ice devil.
The ice devil is severely wounded.
You block the ice devil's attack.
You completely miss the ice devil.
The ice devil is severely wounded.
The ice devil misses you.
You closely miss the ice devil.
The ice devil is severely wounded.
You block the ice devil's attack. The ice devil completely misses you.
You closely miss the ice devil.
The ice devil is severely wounded.
The ice devil hits you.
* * * LOW HITPOINT WARNING * * *
The ice devil freezes you!!
You die...

,,,,,+,,,,,,,,,#...#,,,,>#.......
***,,*,,,,,,,,,#)..#,,,,,#.......
,,*,,*,,,,,,####)..#,,,,,#.######
,,*,,*,,,,,,#...)..#,,,,,#.#,,,,#
,,*,,***,,,,#.)....#,,,,,#.#,,,,#
,,*,,,,*,,,,#......#,,,,,#.#,,,,#
,,*,,,,*,,,,###'#+##*,,,,*,*,,,,*
,,*,,,,*,,,,* #...# *,,,,*,*,,,,+
,,+,,,,*,,,,* ##@## ******,*,,,,*
,,*,,,,*,,,,***#4#***,,,,,,*,,,,*
***,,,,*******,...,**,,,,,,******
,,,,,,,,,,,,**.....**,,,,,,,,,,,,
,,,,,,,,,,,>*#..[..#*,,,,,,,,,,,,
*****,,,,,,,*#..∩..#*****,,,,,,,,
*,,******####### *,,,,,,,, *,,*
*,,,,,,,, **** *,,,,,,,,


You could see an ice devil.

Vanquished Creatures
  Gastronok (D:9)
  Josephine (D:11)
  A two-headed ogre (D:10)
  A necromancer (D:9)
  Maggie (D:9)
  An ice devil (D:11)
  A troll (D:10)
  Grinder (D:4)
  Prince Ribbit (D:9)
  A slime creature (D:10)
  2 humans (D:8)
  5 wraiths
  9 yaks
  2 wyverns
  Grum (D:9)
  8 steam dragons
  An acid dragon (D:9)
  A water moccasin (D:9)
  2 ice beasts
  An orc warrior (D:8)
  Pargi (D:4)
  A sky beast (D:8)
  3 ogres
  2 wolves (D:9)
  4 centaurs
  4 kobold brigands
  4 bullfrogs
  5 scorpions
  2 gnoll sergeants
  4 water moccasin zombies (Ossuary)
  6 killer bees
  10 howler monkeys
  4 hounds
  2 jellies
  4 orc priests
  A sleepcap (D:8)
  5 orc wizards
  2 mummies (Ossuary)
  11 gnolls
  10 adders
  2 shadow imps
  A white imp (D:6)
  3 ufetubi
  An adder zombie (Ossuary)
  A worm (D:3)
  5 dart slugs
  24 orcs
  10 ball pythons
  8 endoplasms
  4 giant cockroaches
  4 gnoll zombies (Ossuary)
  16 goblins
  19 hobgoblins
  10 jackals
  24 kobolds
  7 quokkas
  4 bats
  4 frilled lizards
  4 hobgoblin zombies (Ossuary)
  5 kobold zombies (Ossuary)
  7 orc zombies (Ossuary)
  11 rats
301 creatures vanquished.

Vanquished Creatures (others)
  An orc wizard (D:9)
  7 fungi (D:10)
8 creatures vanquished.

Grand Total: 309 creatures vanquished

Notes
Turn   | Place    | Note
-------+----------+-------------------------------------------
     0 | D:1      | cforsyth the Human Fighter began the quest for the Orb.
     0 | D:1      | Reached XP level 1. HP: 18/18 MP: 1/1
    39 | D:1      | Reached XP level 2. HP: 18/24 MP: 2/2
   387 | D:1      | Reached XP level 3. HP: 26/29 MP: 3/3
   782 | D:2      | Reached XP level 4. HP: 33/35 MP: 4/4
  1849 | D:3      | Reached XP level 5. HP: 42/42 MP: 5/5
  1984 | D:3      | Found a faded altar of an unknown god.
  2432 | D:4      | Found Vutunont's Gadget Gallery.
  2496 | D:4      | Found a sand-covered staircase.
  2501 | Ossuary  | Entered an ossuary
  2628 | Ossuary  | Reached XP level 6. HP: 42/48 MP: 6/6
  2727 | Ossuary  | Reached XP level 7. HP: 55/55 MP: 7/7
  3106 | D:4      | Noticed Pargi
  3135 | D:4      | Killed Pargi
  3199 | D:4      | Noticed Grinder
  3204 | D:4      | Paralysed by Grinder for 2 turns
  3212 | D:4      | Paralysed by Grinder for 2 turns
  3217 | D:4      | Paralysed by Grinder for 2 turns
  3222 | D:4      | Paralysed by Grinder for 4 turns
  3281 | D:4      | Killed Grinder
  3282 | D:4      | Reached skill level 5 in Fighting
  3282 | D:4      | Reached skill level 5 in Armour
  3282 | D:4      | Reached skill level 5 in Shields
  3282 | D:4      | Reached XP level 8. HP: 62/62 MP: 8/8
  3972 | D:5      | Entered Level 5 of the Dungeon
  4254 | D:5      | Reached skill level 5 in Maces & Flails
  4898 | D:6      | Reached XP level 9. HP: 66/69 MP: 9/9
  4948 | D:6      | Found a glowing drain.
  4961 | Sewer    | Entered a sewer
  5092 | Sewer    | Found a white marble altar of Elyvilon.
  5769 | D:6      | Found a blossoming altar of Fedhas.
  6432 | D:7      | Reached XP level 10. HP: 58/79 MP: 10/10
  6860 | D:7      | Found a staircase to the Ecumenical Temple.
  7277 | D:8      | Found an iron altar of Okawaru.
  7965 | D:8      | Found a shimmering blue altar of Sif Muna.
  8137 | D:8      | Identified the +0 leather armour of Uskayaw, Flying {Harm}
  8563 | D:8      | Found an ornate altar of the Wu Jian Council.
  9516 | D:9      | Noticed Prince Ribbit
  9798 | D:9      | Killed Prince Ribbit
  9971 | D:9      | Noticed Grum
  9983 | D:9      | Killed Grum
  9984 | D:9      | Reached XP level 11. HP: 27/87 MP: 11/11
 10065 | D:9      | Noticed Gastronok
 10262 | D:9      | Found an opulent altar of Gozag.
 10275 | D:9      | Found Gozag's Platinum Reserve.
 10374 | D:9      | Found a radiant altar of Vehumet.
 10377 | D:9      | Noticed Maggie
 10388 | D:9      | Killed Maggie
 10558 | D:9      | Killed Gastronok
 10766 | D:9      | Noticed a necromancer
 10779 | D:9      | Killed a necromancer
 10990 | D:10     | Entered Level 10 of the Dungeon
 11064 | D:10     | Noticed a two-headed ogre
 11074 | D:10     | Killed a two-headed ogre
 11140 | D:10     | Found a glowing silver altar of Zin.
 11356 | D:10     | Found a burning altar of Makhleb.
 11368 | D:10     | Found a staircase to the Lair.
 11581 | D:10     | Found Cockium's Jewellery Boutique.
 11691 | D:10     | Found a stormy altar of Qazlal.
 11693 | D:10     | Found a basalt altar of Yredelemnul.
 11732 | D:10     | Found a snail-covered altar of Cheibriados.
 12290 | D:11     | Noticed Josephine
 12301 | D:11     | Killed Josephine
 12302 | D:11     | Reached XP level 12. HP: 19/97 MP: 12/12
 12370 | D:11     | Found a frozen archway.
 12393 | D:11     | Mangled by an ice devil

Illustrated notes

Levels and vault maps discovered:
D:1:      ncdulo_wetmaze, layout_basic, hex_medium
D:2:      layout_basic, minmay_tiny_reverse_x
D:3:      layout_basic, basic_ecumenical_altar, kennysheep_generic_room_10
D:4:      layout_layer_cave, nicolae_ossuary_entry_plus, minmay_splitting_lines,
          grunt_ministairs_15, minmay_misc_feat_pillars, nicolae_shop_gadgets,
          uniq_pargi, uniq_grinder
D:5:      layout_basic
D:6:      layout_basic, mainiacjoe_overflow_alcove_1, portal_sewer_entry_d,
          kennysheep_generic_room_11
D:7:      layout_loops_cross, lemuel_temple_firewalk_a
D:8:      corexii_shantytown, layout_gridville, lemuel_blue_sif_altar,
          marbit_many_paths, okawaru_humans, serial_co_window_serial,
          co_window_corner_a, co_window_cross_1, co_window_of_opportunity_a,
          co_window_paths_b, co_window_paths_b, co_window_unsneaky_path_c,
          co_window_of_opportunity_b, co_window_of_opportunity_c,
          co_window_paths_d, glass_columns_a
D:9:      layout_big_octagon, nicolae_vehumet_radiance,
          nicolae_gozag_zags_fifth_avenue, minmay_librarian, uniq_gastronok,
          uniq_maggie, uniq_grum, uniq_prince_ribbit1
D:10:     kennysheep_steamy, layout_loops_ring,
          mainiacjoe_overflow_tiny_flanked, mainiacjoe_overflow_surrounded_room,
          nicolae_overflow_hidden_temple, serial_shops, nicolae_shop_statue_plus
D:11:     layout_irregular_city, portal_ice_cave_demonic_guard,
          nicolae_underground_beach, uniq_josephine

Skill      XL: |  1  2  3  4  5  6  7  8  9 10 11 |
---------------+----------------------------------+-----
Maces & Flails | 3 4 5 6 8 9 |  9.6
Shields        | 4 5 6 7 8 9 |  9.9
Fighting       | 4 5 6 7 8 9 |  9.8
Armour         | 4 5 6 7 8 9 |  9.8

Action                     |  1- 3 |  4- 6 |  7- 9 | 10-12 || total
---------------------------+-------+-------+-------+-------++-------
  Melee: Flail             |   120 |   246 |   471 |   230 ||  1067
         Unarmed           |       |       |     1 |       ||     1
         Morningstar       |       |       |       |   419 ||   419
  Evoke: Wand              |       |       |       |     4 ||     4
    Use: Scroll            |       |       |    22 |     7 ||    29
         Potion            |       |       |       |     7 ||     7
   Stab: Paralysed         |       |       |       |     5 ||     5
 Armour: Scale mail        |    56 |    62 |    57 |       ||   175
         Skin              |       |       |     2 |       ||     2
         Troll leather arm |       |       |   137 |   206 ||   343
         Plate armour      |       |       |       |    36 ||    36
  Dodge: Dodged            |    95 |   169 |   400 |   563 ||  1227
  Block: Buckler           |    27 |    52 |   172 |   238 ||   489

Table legend: (Time is in decaauts)
 A = Elapsed time spent in this place.
 B = Non-inter-level travel time spent in this place.
 C = Inter-level travel time spent in this place.
 D = Time resting spent in this place.
 E = Time spent auto-exploring this place.
 F = Levels seen in this place.
 G = Mean time per level.
                   A        B        C        D        E       F      G
               +--------+--------+--------+--------+--------+-----+--------+
         Total |  12738 |  11830 |    908 |   1492 |   7193 |  13 |  979.8 |
       Dungeon |  12235 |  11327 |    908 |   1461 |   7035 |  11 | 1112.3 |
         Sewer |    207 |    207 |      0 |      0 |    117 |   1 |  207.0 |
       Ossuary |    295 |    295 |      0 |     31 |     40 |   1 |  295.0 |
               +--------+--------+--------+--------+--------+-----+--------+

Top non-repeatable levels by time:
     D:8: 2274 daAuts
     D:7: 1502 daAuts
     D:4: 1354 daAuts
    D:10: 1168 daAuts
     D:9: 1114 daAuts
     D:6: 1080 daAuts
     D:2: 1002 daAuts
     D:5: 939 daAuts
     D:3: 837 daAuts
     D:1: 777 daAuts
 Ossuary: 295 daAuts
   Sewer: 207 daAuts
    D:11: 184 daAuts
